 Dungeon Crawl Stone Soup version 0.23-a0-49-gd9f7a49668 (webtiles) character file.

66 LLavrengius the Insei (level 3, 0/30 HPs)
             Began as a Draconian Transmuter on Aug 6, 2018.
             Succumbed to Sigmund's poison
             ... on level 2 of the Dungeon.
             The game lasted 00:04:59 (1622 turns).

LLavrengius the Insei (Draconian Transmuter)        Turns: 1622, Time: 00:04:59

Health: 0/30       AC:  5    Str: 12    XL:     3   Next: 96%
Magic:  6/6        EV: 12    Int: 18    God:
Gold:   92         SH:  0    Dex: 12    Spells: 3/6 levels left

rFire    . . .     SeeInvis .     - Unarmed
rCold    . . .     Gourm    .   (no shield)
rNeg     . . .     Faith    .   (armour unavailable)
rPois    .         Spirit   .   (helmet restricted)
rElec    .         Reflect  .   (no cloak)
rCorr    .         Harm     .   (no gloves)
MR       .....                  (no boots)
Stlth    +.........             (no amulet)
HPRegen  0.10/turn              (no ring)
MPRegen  0.10/turn              (no ring)

@: brilliant, lethally poisoned (0 -> -11), hasted, very quick
A: unfitting armour, cold-blooded, AC +5
a: no special abilities


You were on level 2 of the Dungeon.
You were not hungry.

You visited 1 branch of the dungeon, and saw 2 of its levels.

You collected 92 gold pieces.

Inventory:

Missiles
 a - 12 arrows
 b - 11 poisoned needles
 h - 86 stones (quivered)
 k - 3 javelins
 n - 20 sling bullets
Jewellery
 d - an uncursed amulet of harm {unknown}
Scrolls
 e - 3 scrolls of teleportation {unknown}
 f - 2 scrolls of identify {unknown}
 i - a scroll of fog {unknown}
 j - a scroll of amnesia {unknown}
 o - a scroll of immolation {unknown}
Potions
 g - 2 potions of haste
Comestibles
 c - a ration
 m - 2 chunks of flesh


   Skills:
 + Level 2.4 Fighting
 - Level 2.0 Dodging
 + Level 3.6 Unarmed Combat
 - Level 2.0 Spellcasting
 + Level 2.8 Transmutations


You had 3 spell levels left.
You knew the following spells:

 Your Spells              Type           Power        Failure   Level  Hunger
a - Beastly Appendage     Tmut           ###...       1%          1    #......
b - Sticks to Snakes      Tmut           ###.....     1%          2    ###....

Your spell library contained the following spells:

 Spells                   Type           Power        Failure   Level  Hunger
 Spider Form              Tmut/Pois      ###.......   3%          3    ###....
 Blade Hands              Tmut           ###.......   16%         5    ######.
 Ice Form                 Ice/Tmut       ###.....     11%         4    #####..


Dungeon Overview and Level Annotations

Branches:
Dungeon (2/15)

Altars:

Annotations:
D:2 Sigmund


Innate Abilities, Weirdness & Mutations

Your plain brown scales are hard. (AC +5)
You cannot fit into any form of body armour.
You are cold-blooded and may be slowed by cold attacks.


Message History

* * * LOW HITPOINT WARNING * * *
You feel sick.
* * * LOW HITPOINT WARNING * * *
You feel sick.
It was a potion of haste.
You feel yourself speed up.
* * * LOW HITPOINT WARNING * * *
You feel sick.
Unknown command.
It was a potion of brilliance.
You feel clever all of a sudden.
* * * LOW HITPOINT WARNING * * *
You feel sick.
Unknown command.
* * * LOW HITPOINT WARNING * * *
You feel sick.
* * * LOW HITPOINT WARNING * * *
You feel sick.
* * * LOW HITPOINT WARNING * * *
You feel sick.
You die...

############# ...##.......#
...##.#####.# ...##.# #.#
...##.# #.# ######
...##'#####'### #....#
...#..........###########.##.#
...#............@...{......#.#
...#..........##############.#
'###..........# ........#
.####'######### ........#
............. .......>#
.####.####### ........#
.#....# #####+#.# .#.#### .##
.# .


There were no monsters in sight!

Vanquished Creatures
  An adder (D:2)
  2 dart slugs (D:1)
  2 leopard geckos (D:1)
  6 bats (D:1)
  2 giant cockroaches
  7 goblins
  2 hobgoblins (D:2)
  2 jackals (D:2)
  11 kobolds
  A ball python (D:2)
  6 frilled lizards
  6 rats
48 creatures vanquished.

Notes
Turn   | Place    | Note
-------+----------+-------------------------------------------
     0 | D:1      | LLavrengius the Draconian Transmuter began the quest for the Orb.
     0 | D:1      | Reached XP level 1. HP: 16/16 MP: 3/3
   324 | D:1      | Reached XP level 2. HP: 23/23 MP: 3/5
   388 | D:1      | Learned a level 2 spell: Sticks to Snakes
   612 | D:1      | Reached XP level 3. HP: 29/29 MP: 4/6
  1594 | D:2      | Noticed Sigmund
  1620 | D:2      | HP: 1/30 [poisoned by Sigmund]
  1622 | D:2      | Succumbed to Sigmund's poison

Vault maps used:
D:1:      dpeg_arrival_water_fire, serial_forest, infiniplex_forest_clump_C,
          infiniplex_forest_clump_double, infiniplex_forest_zigzag_2,
          infiniplex_forest_lined_2
D:2:      uniq_sigmund

Skill      XL: |  1  2  3 |
---------------+----------+-----
Dodging        | 2 |  2.0
Fighting       | 2 |  2.4
Unarmed Combat | |  3.6
Spellcasting   | |  2.0
Transmutations | |  2.8

Action                   || total
-------------------------++-------
Melee: Unarmed           ||   112
       Kick              ||     9
       Tailslap          ||     9
       Headbutt          ||     5
       Punch             ||     2
 Cast: Beastly Appendage ||    15
  Use: Potion            ||     2
 Stab: Sleeping          ||     1
  Eat: Chunk             ||     3
Armor: Skin              ||    36
Dodge: Dodged            ||    66

Table legend:
 A = Spawn XP
 B = Non-spawn XP
 C = Spawn XP percentage of total XP
 D = Spawn monster count
 E = Non-spawn monster count
 F = Spawn count percentage of total count
 G = Total turns spent on level
                    A         B        C        D         E        F      G
               +---------+---------+-------+---------+---------+-------+---------
         Total |       0 |      95 |   0.0 |       0 |      48 |   0.0 |  1622
               +---------+---------+-------+---------+---------+-------+---------
           D:1 |       0 |      60 |   0.0 |       0 |      34 |   0.0 |  1039
           D:2 |       0 |      35 |   0.0 |       0 |      14 |   0.0 |   583
               +---------+---------+-------+---------+---------+-------+---------
